 Dungeon Crawl Stone Soup version 0.27-a0-1378-gdefffd1ff6 (webtiles) character file.

Game seed: 17507856512772606260

50 sagitran the Fighter (level 3, 0/38 HPs)
             Began as a Gnoll Wanderer on June 29, 2021.
             Was a Follower of Makhleb.
             Slain by a gnoll (10 damage)
             ... on level 1 of the Dungeon.
             The game lasted 00:10:35 (625 turns).

sagitran the Fighter (Gnoll Wanderer)                Turns: 625, Time: 00:10:35

Health: 0/38       AC:  8    Str: 12    XL:     3   Next: 79%
Magic:  4/4        EV:  9    Int:  9    God:    Makhleb [*.....]
Gold:   94         SH:  0    Dex: 19    Spells: 4/4 levels left

rFire    . . .     SeeInvis .   f - +2 hand axe (flame)
rCold    . . .     Faith    .   (no shield)
rNeg     . . .     Spirit   .   b - +2 scale mail
rPois    .         Reflect  .   (no helmet)
rElec    .         Harm     .   (no cloak)
rCorr    .         Rampage  .   (no gloves)
Will     .....                  (no boots)
Stlth    +.........             (no amulet)
HPRegen  0.12/turn              j - +6 ring of dexterity
MPRegen  0.09/turn              (no ring)

@: lethally poisoned (0 -> -5)
A: fangs 1, strong nose, distributed training
a: Renounce Religion


You were on level 1 of the Dungeon.
You worshipped Makhleb.
Makhleb was aware of your devotion.
You visited 1 branch of the dungeon, and saw 2 of its levels.

You collected 94 gold pieces.

Inventory:

Hand Weapons
 a - a +0 dagger
 f - a +2 hand axe of flaming (weapon)
Missiles
 e - 7 javelins (quivered)
Armour
 b - a +2 scale mail (worn)
Jewellery
 j - a +6 ring of dexterity (left hand)
Scrolls
 c - a scroll of amnesia {unknown}
 g - a scroll of teleportation {unknown}
 h - a scroll of enchant armour {unknown}
 i - 3 scrolls of identify {unknown}


   Skills:
 + Level 8.5 Fighting
 + Level 1.0 Short Blades
 + Level 1.0 Long Blades
 + Level 1.0 Axes
 + Level 2.6 Maces & Flails
 + Level 1.0 Polearms
 + Level 1.0 Staves
 + Level 1.0 Slings
 + Level 1.0 Bows
 + Level 4.6 Crossbows
 + Level 1.0 Throwing
 + Level 2.6 Armour
 + Level 1.0 Dodging
 + Level 1.0 Stealth
 + Level 1.0 Shields
 + Level 1.0 Unarmed Combat
 + Level 1.0 Spellcasting
 + Level 0.7 Conjurations
 + Level 0.7 Hexes
 + Level 0.7 Summonings
 + Level 0.7 Necromancy
 + Level 0.7 Translocations
 + Level 0.7 Transmutations
 + Level 0.7 Fire Magic
 + Level 0.7 Ice Magic
 + Level 0.7 Air Magic
 + Level 0.7 Earth Magic
 + Level 0.7 Poison Magic
 + Level 1.0 Invocations
 + Level 4.6 Evocations


You had 4 spell levels left.
You didn't know any spells.
Your spell library contained the following spells:

 Spells                   Type           Power      Damage    Failure   Level
 Corpse Rot               Necr/Air       N/A        N/A       91%         2
 Sublimation of Blood     Necr           0%         N/A       91%         2


Dungeon Overview and Level Annotations

Branches:
Dungeon (2/15)

Altars:
Makhleb
Uskayaw
Xom

Shops:
D:1 :


Innate Abilities, Weirdness & Mutations

You have very sharp teeth.
Your uncanny sense of smell can sniff out nearby items.
Your experience applies equally to all skills.


Message History

You hit the hobgoblin. You burn the hobgoblin.
The hobgoblin is heavily wounded.
The hobgoblin hits you but does no damage.
You hit the hobgoblin. You burn the hobgoblin.
You kill the hobgoblin!
Makhleb accepts your kill.
You hit the gnoll. You burn the gnoll. The gnoll barely misses you.
Your Short Blades skill increases to level 1!
Your Long Blades skill increases to level 1!
Your Axes skill increases to level 1!
Your Polearms skill increases to level 1!
Your Staves skill increases to level 1!
Your Slings skill increases to level 1!
Your Bows skill increases to level 1!
Your Throwing skill increases to level 1!
Your Dodging skill increases to level 1!
Your Stealth skill increases to level 1!
Your Shields skill increases to level 1!
Your Unarmed Combat skill increases to level 1!
Your Spellcasting skill increases to level 1!
The gnoll closely misses you.
There is a stone staircase leading up here.
The gnoll hits you with a +2 flail of venom.
You are poisoned.
The gnoll hits you with a +0 whip.
You climb upwards.
You feel very sick.
There is a stone staircase leading down here.
You closely miss the gnoll. Your bite misses the gnoll.
The gnoll is moderately wounded.
You hit the gnoll. You burn the gnoll.
You feel sick.
The gnoll hits you with a +2 flail of venom.
You are more poisoned.
The gnoll barely misses you.
You feel sick. The gnoll barely misses you. The gnoll hits you with a +0 whip.
You feel sick.
You feel sick. The gnoll hits you with a +0 whip.
* * * LOW HITPOINT WARNING * * *
It was a potion of magic.
Magic courses through your body.
You feel sick.
The gnoll hits you with a +2 flail of venom!
You die...

#....................## ###
#....................## #..
#.....................########..
##...........................##..
..)...................######.....
.......####.#....................
.................####.#########..
#..........#........(..# #..
#......###)##..g@..##.. #..
#......###.##..g...#### ###
........##.##.>....# #
#........#..........# .. ###
##.....#.###........# ..# #.'
#.....#.............. ##..# #.#
##..### #..#.......###......##.#
#..# #...#...........###....#
##..####..#...#.##......##......


You could see 2 gnolls.

Vanquished Creatures
  10 ball pythons
  2 bats
  6 endoplasms
  A giant cockroach (D:1)
  3 goblins (D:1)
  7 hobgoblins
  4 kobolds
  A quokka (D:1)
  2 frilled lizards (D:2)
  6 rats
42 creatures vanquished.

Notes
Turn   | Place    | Note
-------+----------+-------------------------------------------
     0 | D:1      | sagitran the Gnoll Wanderer began the quest for the Orb.
     0 | D:1      | sagitran set off with the following items: a +0 dagger, a
                  | +2 scale mail; and the following spells available to
                  | memorise: Corpse Rot, Sublimation of Blood
     0 | D:1      | Reached XP level 1. HP: 26/26 MP: 1/1
    66 | D:1      | Found a hide-covered altar of Uskayaw.
   112 | D:1      | Reached XP level 2. HP: 32/33 MP: 2/2
   145 | D:1      | Found a faded altar of an unknown god.
   155 | D:1      | Found Tuoptax's Book Shop.
   344 | D:1      | Reached XP level 3. HP: 27/38 MP: 3/3
   431 | D:1      | Became a worshipper of Makhleb the Destroyer
   431 | D:1      | Reached * piety under Makhleb
   452 | D:2      | Reached skill level 1 in Invocations
   535 | D:2      | Found a shimmering altar of Xom.
   610 | D:2      | Reached skill level 1 in Short Blades
   610 | D:2      | Reached skill level 1 in Long Blades
   610 | D:2      | Reached skill level 1 in Axes
   610 | D:2      | Reached skill level 1 in Polearms
   610 | D:2      | Reached skill level 1 in Staves
   610 | D:2      | Reached skill level 1 in Slings
   610 | D:2      | Reached skill level 1 in Bows
   610 | D:2      | Reached skill level 1 in Throwing
   610 | D:2      | Reached skill level 1 in Dodging
   610 | D:2      | Reached skill level 1 in Stealth
   610 | D:2      | Reached skill level 1 in Shields
   610 | D:2      | Reached skill level 1 in Unarmed Combat
   610 | D:2      | Reached skill level 1 in Spellcasting
   625 | D:1      | Slain by a gnoll

Illustrated notes

Levels and vault maps discovered:
D:1:      ncdulo_smallfort, layout_rooms, ebering_ecumenical_altar_rust,
          serial_shops, nicolae_shop_trees, st_stairs_11, skrybe_limestone_x,
          kennysheep_flooded_box
D:2:      layout_rooms, basic_altar, uniq_terence

Skill      XL: |  1  2  3 |
---------------+----------+-----
Invocations    | 1 |  1.0
Short Blades   | 1 |  1.0
Long Blades    | 1 |  1.0
Axes           | 1 |  1.0
Polearms       | 1 |  1.0
Staves         | 1 |  1.0
Slings         | 1 |  1.0
Bows           | 1 |  1.0
Throwing       | 1 |  1.0
Dodging        | 1 |  1.0
Stealth        | 1 |  1.0
Shields        | 1 |  1.0
Unarmed Combat | 1 |  1.0
Spellcasting   | 1 |  1.0
Fighting       | |  8.5
Maces & Flails | |  2.6
Crossbows      | |  4.6
Armour         | |  2.6
Conjurations   | |  0.7
Hexes          | |  0.7
Summonings     | |  0.7
Necromancy     | |  0.7
Translocations | |  0.7
Transmutations | |  0.7
Fire Magic     | |  0.7
Ice Magic      | |  0.7
Air Magic      | |  0.7
Earth Magic    | |  0.7
Poison Magic   | |  0.7
Evocations     | |  4.6

Action                   || total
-------------------------++-------
Melee: Dagger            ||    48
       Bite              ||    12
       Hand axe          ||    78
Throw: Javelin           ||     1
  Use: Potion            ||     1
Armor: Scale mail        ||    91
Dodge: Dodged            ||    94

Table legend: (Time is in decaauts)
 A = Elapsed time spent in this place.
 B = Non-inter-level travel time spent in this place.
 C = Inter-level travel time spent in this place.
 D = Time resting spent in this place.
 E = Time spent auto-exploring this place.
 F = Levels seen in this place.
 G = Mean time per level.
                   A        B        C        D        E       F      G
               +--------+--------+--------+--------+--------+-----+--------+
         Total |    646 |    646 |      0 |      0 |      0 |   2 |  323.0 |
       Dungeon |    646 |    646 |      0 |      0 |      0 |   2 |  323.0 |
               +--------+--------+--------+--------+--------+-----+--------+

Top non-repeatable levels by time:
     D:1: 459 daAuts
     D:2: 186 daAuts
